 Dungeon Crawl Stone Soup version 0.29.0-11-gd7f09526c8 (webtiles) character file.

Game seed: 15120276685866440471

1 mtoz the Grasshopper (level 1, 18/20 HPs)
             Began as a Gnoll Warper on Sept 5, 2022.
             Quit the game on level 1 of the Dungeon.
             The game lasted 00:00:34 (33 turns).

mtoz the Grasshopper (Gnoll Warper)                   Turns: 33, Time: 00:00:35

Health: 18/20      AC:  3    Str: 10    XL:     1   Next: 20%
Magic:  6/6        EV: 12    Int: 12    God:
Gold:   0          SH:  0    Dex: 11    Spells: 9/9 levels left

rFire   . . .      SeeInvis .   a - +0 mace
rCold   . . .      Faith    .   (no shield)
rNeg    . . .      Spirit   .   b - +0 leather armour
rPois   .          Reflect  .   (no helmet)
rElec   .          Harm     .   (no cloak)
rCorr   .          Rampage  .   (no gloves)
Will    .....                   (no boots)
Stlth   +.........              (no amulet)
HPRegen 0.06/turn               (no ring)
MPRegen 0.10/turn               (no ring)

@: no status effects
A: fangs 1, strong nose, distributed training
a: no special abilities


You were on level 1 of the Dungeon.
You visited 1 branch of the dungeon, and saw 1 of its levels.

Inventory:

Hand Weapons
 a - a +0 mace (weapon)
 e - a +0 short sword
Missiles
 d - 7 boomerangs of dispersal (quivered)
Armour
 b - a +0 leather armour (worn)
Scrolls
 c - a scroll of blinking


   Skills:
 + Level 4.4 Fighting
 + Level 0.0 Short Blades
 + Level 0.0 Long Blades
 + Level 0.0 Axes
 + Level 4.4 Maces & Flails
 + Level 0.0 Polearms
 + Level 0.0 Staves
 + Level 0.0 Ranged Weapons
 + Level 2.3 Throwing
 + Level 2.3 Armour
 + Level 4.4 Dodging
 + Level 0.0 Stealth
 + Level 0.0 Shields
 + Level 0.0 Unarmed Combat
 + Level 4.8 Spellcasting
 + Level 0.0 Conjurations
 + Level 0.0 Hexes
 + Level 0.0 Summonings
 + Level 0.0 Necromancy
 + Level 5.3 Translocations
 + Level 0.0 Transmutations
 + Level 0.0 Fire Magic
 + Level 0.0 Ice Magic
 + Level 0.0 Air Magic
 + Level 0.0 Earth Magic
 + Level 0.0 Poison Magic
 + Level 0.0 Invocations
 + Level 0.0 Evocations


You had 9 spell levels left.
You didn't know any spells.
Your spell library contained the following spells:

 Spells                   Type           Power      Damage    Failure   Level
 Blink                    Tloc           30%        N/A       4%          2
 Gell's Gravitas          Tloc           15%        N/A       9%          3
 Lesser Beckoning         Tloc           15%        N/A       9%          3
 Teleport Other           Tloc           15%        N/A       9%          3
 Manifold Assault         Tloc           15%        N/A       63%         5


Dungeon Overview and Level Annotations

Branches:
Dungeon (1/15)

Altars:


Innate Abilities, Weirdness & Mutations

You have very sharp teeth.
Your uncanny sense of smell can sniff out nearby items.
Your experience applies equally to all skills.


Message History

Welcome, mtoz the Gnoll Warper.
The Orb of Zot is coveted for many reasons.
Will you seize it for your own?
Press ? for a list of commands and other information.
Found a staircase leading out of the dungeon.
You open the door.
There is an open door here.
You enter the shallow water.
Moving in this stuff is going to be slow.
You open the door.
There is an open door here.
A kobold comes into view. It is wielding a +0 short sword.
The kobold shouts!
The kobold hits you but does no damage.
You barely miss the kobold. The kobold barely misses you.
You hit the kobold but do no damage. Your bite misses the kobold.
The kobold completely misses you.
You miss the kobold. The kobold barely misses you.
You closely miss the kobold. You bite the kobold, but do no damage.
The kobold hits you but does no damage.
You miss the kobold.
The kobold hits you with a +0 short sword.
You completely miss the kobold.
The kobold hits you with a +0 short sword.
The kobold closely misses you.
You barely miss the kobold. The kobold closely misses you.
You sock the kobold!
You kill the kobold!
No target in view!
Found a chain mail.
Things that are here:
a +0 short sword; a kobold corpse
e - a +0 short sword Are you sure you want to abandon this character and quit the game? (Confirm with "yes".)

..[.... #.#...# #.....#
##~ ♣~~ P~~♣ #......
..#~P♣~~P P~~P .###....#
#.#~.♣~~P♣♣~~♣
......#.###.#~P.~~♣♣.~~P
###......#.#~P♣~~♣♣.~~♣
#.....@....#~.P~~♣♣♣~~♣
#.#........#~♣.~~~~~~~P
#..........#~PP~.....~P
#..........#~~~~.###.~~
#........#.'.....#§#...
#........#.#~~~~.###.~~
##.......#.#~.♣~.....~P
#.......#.#~.♣~~~~~~~P
+.......#.#~♣.~~♣PP~~P


There were no monsters in sight!

Vanquished Creatures
  A kobold (D:1)
1 creature vanquished.

Notes
Turn   | Place    | Note
-------+----------+-------------------------------------------
     0 | D:1      | mtoz the Gnoll Warper began the quest for the Orb.
     0 | D:1      | Reached XP level 1. HP: 20/20 MP: 6/6
    33 | D:1      | Quit the game

Illustrated notes

Levels and vault maps discovered:
D:1:      lightli_arrival_farm, layout_basic, kennysheep_minor_cross,
          minmay_misc_feat_iff

Action                   || total
-------------------------++-------
Melee: Mace              ||     8
       Bite              ||     1
Armor: Leather armour    ||     2
Dodge: Dodged            ||     5
